 Dungeon Crawl Stone Soup version 0.27.1-33-g824d729ab1 (webtiles) character file.

Game seed: 11949012658177040436

67 Foxfire the Sneak (level 4, -1/29 HPs)
             Began as an Octopode Brigand on Dec 15, 2021.
             Killed from afar by Ijyb (11 damage)
             ... with a puff of flame
             ... on level 1 of the Dungeon.
             The game lasted 00:05:32 (959 turns).

Foxfire the Sneak (Octopode Brigand)                 Turns: 959, Time: 00:05:33

Health: -1/29      AC:  1    Str: 11    XL:     4   Next: 18%
Magic:  4/4        EV: 13    Int: 13    God:
Gold:   112        SH:  0    Dex: 19    Spells: 3/3 levels left

rFire    . . .     SeeInvis .   a - +2 dagger
rCold    . . .     Faith    .   (no shield)
rNeg     . . .     Spirit   .   (helmet restricted)
rPois    .         Reflect  .   (no amulet)
rElec    .         Harm     .   m - +6 ring of dexterity
rCorr    .         Rampage  .   (no ring)
Will     .....                  (no ring)
Stlth    +++++.....             (no ring)
HPRegen  0.09/turn              (no ring)
MPRegen  0.09/turn              (no ring)
                                (no ring)
                                (no ring)

@: no status effects
A: almost no armour, amphibious, 8 rings, camouflage 1, gelatinous body 1,
(nimble swimmer 1), tentacles
a: no special abilities


You were on level 1 of the Dungeon.
You visited 1 branch of the dungeon, and saw 2 of its levels.

You collected 112 gold pieces.

Inventory:

Hand Weapons
 a - a +2 dagger (weapon)
 n - a +0 dagger of venom
Missiles
 b - 5 poisoned darts (quivered)
 c - 2 curare-tipped darts
 j - 17 sling bullets
 k - 46 stones
Armour
 h - a +0 robe
Jewellery
 m - a +6 ring of dexterity (left tentacle)
Scrolls
 d - a scroll of enchant weapon {unknown}
 e - a scroll of noise {unknown}
 g - a scroll of holy word {unknown}
Potions
 f - a potion of brilliance {unknown}
 i - a potion of magic {unknown}
 l - a potion of berserk rage {unknown}


   Skills:
 + Level 2.2 Fighting
 + Level 2.8 Short Blades
 + Level 2.2 Throwing
 + Level 1.0 Dodging
 + Level 6.7 Stealth


You had 3 spell levels left.
You didn't know any spells.
Your spell library was empty.

Dungeon Overview and Level Annotations

Branches:
Dungeon (2/15)

Altars:

Annotations:
D:1 Ijyb


Innate Abilities, Weirdness & Mutations

You cannot wear most types of armour.
You are amphibious.
You can wear up to eight rings at the same time.
Your skin changes colour to match your surroundings (Stealth+).
Your rubbery body absorbs attacks. (AC +1, EV +1)
((You are camouflaged near water. (Stealth+)))
You have tentacles for arms and can constrict up to eight enemies at once.


Message History

You hit the goblin.
You kill the goblin!
You hit Ijyb but do no damage. You grab Ijyb. You squeeze Ijyb.
Ijyb is lightly wounded.
You constrict Ijyb, but do no damage. Ijyb hits you with a +0 dagger.
You barely miss Ijyb.
Ijyb is lightly wounded.
You constrict Ijyb, but do no damage. Ijyb hits you with a +0 dagger.
You hit Ijyb but do no damage.
Ijyb is lightly wounded.
You constrict Ijyb. Ijyb misses you.
You hit Ijyb but do no damage.
Ijyb is lightly wounded.
You constrict Ijyb, but do no damage.
Ijyb zaps a wand.
The puff of flame misses you.
You hit Ijyb.
Ijyb is moderately wounded.
You constrict Ijyb. You hit Ijyb. You squeeze Ijyb, but do no damage.
Ijyb is heavily wounded.
You constrict Ijyb, but do no damage.
Ijyb zaps a wand.
The puff of flame hits you!
You barely miss Ijyb. You squeeze Ijyb, but do no damage.
Ijyb is heavily wounded.
You constrict Ijyb, but do no damage.
Ijyb zaps a wand.
The puff of flame hits you.
You hit Ijyb.
Ijyb is heavily wounded.
You constrict Ijyb. Ijyb hits you with a +0 dagger.
* * * LOW HITPOINT WARNING * * *
You release your grip on Ijyb.
Things that are here:
a +0 robe; the human corpse of Jessica Ijyb screams, "Die!"
There is an escape hatch in the ceiling here.
A mysterious force pulls you upwards. The hatch slams shut behind you.
Ijyb misses you.
Ijyb zaps a wand.
The puff of flame misses you.
Ijyb zaps a wand.
The puff of flame hits you!
You die...

...........#
#.#
...........#
#.#
...........#
#.#
...........#
#.#
........)..#
#####.#
...........#
#.....#
...........#
#.#####
...........#
#.#
...####.####
#@# ...# #†#
#.# ...# #.#
#.# ...#
##.######
#g# ...#
#.......#
#.# ...#
#######.#
#.# ...# #.#
#.# ...# #.#
#.# ...# #.#
#.#


You could see Ijyb.

Vanquished Creatures
  Jessica (D:2)
  An adder (D:2)
  2 dart slugs (D:1)
  2 ball pythons
  An endoplasm (D:1)
  3 giant cockroaches
  2 hobgoblins (D:1)
  2 frilled lizards (D:2)
  9 goblins
  2 kobolds (D:1)
  2 rats (D:1)
27 creatures vanquished.

Notes
Turn   | Place    | Note
-------+----------+-------------------------------------------
     0 | D:1      | Foxfire the Octopode Brigand began the quest for the Orb.
     0 | D:1      | Reached XP level 1. HP: 14/14 MP: 1/1
   296 | D:1      | Reached XP level 2. HP: 19/19 MP: 2/2
   487 | D:1      | Reached skill level 6 in Stealth
   746 | D:2      | Reached XP level 3. HP: 24/24 MP: 3/3
   895 | D:2      | Noticed Jessica
   903 | D:2      | Killed Jessica
   904 | D:2      | Reached XP level 4. HP: 29/29 MP: 4/4
   918 | D:2      | Noticed Ijyb
   959 | D:1      | Killed from afar by Ijyb

Illustrated notes

Levels and vault maps discovered:
D:1:      scummos_arrival_forest, layout_basic
D:2:      kennysheep_the_goblin_king, layout_loops_ring, uniq_jessica

Skill      XL: |  1  2 |
---------------+-------+-----
Stealth        | 6 |  6.7
Fighting       | |  2.2
Short Blades   | |  2.8
Throwing       | |  2.2
Dodging        | |  1.0

Action                   |  1- 3 |  4- 6 || total
-------------------------+-------+-------++-------
Melee: Dagger            |    37 |    14 ||    51
       Constrict         |     7 |     4 ||    11
       Tentacles         |     2 |     5 ||     7
Throw: Dart              |     7 |     3 ||    10
 Stab: Sleeping          |    11 |       ||    11
Armor: Skin              |     1 |     1 ||     2
Dodge: Dodged            |     6 |     7 ||    13
